 Dungeon Crawl Stone Soup version 0.27-a0-54-g64bdb92e38 (webtiles) character file.

Game seed: 9954714185029675972

348 wakim the Ruffian (level 6, -2/61 HPs)
             Began as a Troll Fighter on Jan 7, 2021.
             Slain by a worker ant (6 damage)
             ... on level 4 of the Dungeon.
             The game lasted 00:09:17 (2348 turns).

wakim the Ruffian (Troll Fighter)                   Turns: 2348, Time: 00:09:18

Health: -2/61      AC:  6    Str: 27    XL:     6   Next: 33%
Magic:  5/5        EV:  8    Int:  4    God:
Gold:   183        SH:  9    Dex:  9    Spells: 5/5 levels left

rFire    . . .     SeeInvis .     - Unarmed
rCold    . . .     Faith    .   b - +0 kite shield
rNeg     . . .     Spirit   .   a - +0 robe
rPois    .         Reflect  .   (helmet restricted)
rElec    .         Harm     .   (no cloak)
rCorr    .         Rampage  .   (gloves unavailable)
Will     .....                  (boots unavailable)
Stlth    +.........             (no amulet)
HPRegen  0.60/turn              (no ring)
MPRegen  0.09/turn              (no ring)

@: mighty, lethally poisoned (-2 -> -3)
A: large, unfitting armour, claws 3, regeneration 1, shaggy fur 1, tough skin 3
a: no special abilities


You were on level 4 of the Dungeon.
You visited 1 branch of the dungeon, and saw 4 of its levels.
You also visited: Sewer.

You collected 183 gold pieces.

Inventory:

Armour
 a - a +0 robe (worn)
 b - a +0 kite shield (worn)
 k - a +0 robe
 n - a +0 robe
 o - a +0 hat
 p - a +0 robe
Scrolls
 e - a scroll of remove curse
 f - 7 scrolls of identify
 m - 2 scrolls of teleportation
Potions
 d - a potion of magic
 g - 2 potions of heal wounds {unknown}
 h - a potion of invisibility
 i - 2 potions of flight {unknown}
 j - 6 potions of curing {unknown}
 l - a potion of berserk rage {unknown}
 q - a potion of ambrosia {unknown}


   Skills:
 + Level 3.6 Fighting
 - Level 2.4 Dodging
 + Level 3.6 Shields
 * Level 5.0 Unarmed Combat


You had 5 spell levels left.
You didn't know any spells.
Your spell library was empty.

Dungeon Overview and Level Annotations

Branches:
Dungeon (4/15)              Sewer (visited)
 Temple: D:4-7

Altars:
Fedhas
Qazlal
Sif Muna
Uskayaw
Vehumet


Innate Abilities, Weirdness & Mutations

You are too large for most types of armour.
You have claws for hands.
Your natural rate of healing is unusually fast.
You are covered in fur. (AC +1)
You have extremely tough skin. (AC +3)


Message History

The orc priest mumbles some strange prayers to Beogh against you.
Beogh smites you!
* * * LOW HITPOINT WARNING * * *
You scratch the worker ant.
The worker ant is moderately wounded.
You feel sick.
The worker ant bites you but does no damage.
A dart slug comes into view.
The worker ant bites you.
* * * LOW HITPOINT WARNING * * *
You closely miss the worker ant.
The worker ant is moderately wounded.
You feel sick. You block the worker ant's attack.
The orc priest mumbles some strange prayers to Beogh against you.
Beogh smites you!
* * * LOW HITPOINT WARNING * * *
You closely miss the worker ant.
The worker ant is moderately wounded.
You feel sick. The worker ant bites you.
You die...

+.....................#
##...######.#....†....# #...#
###+#.##).....#
#...####......##(#..... ..
#...........#.##.#.#####
...##...........#.##.>......
.......?..###....#..........#
......w..o###....#..........#
.....$.wSooB@..........))...+
........#####....##...†)....#
........# #....########.###
..).....# ###### #.#..
####....# #)).. #.... ##...
##### #... #... ##..


You could see a worm, a worker ant, 2 orc priests, an adder, a dart slug and an
orc.

Vanquished Creatures
  A big kobold (Sewer)
  A howler monkey (D:4)
  An orc wizard (D:4)
  An orc priest (D:3)
  A worker ant (D:4)
  4 adders
  2 river rats (Sewer)
  An ooze (D:3)
  An adder skeleton (D:4)
  3 worms
  A dart slug (D:2)
  4 leopard geckos
  10 orcs
  4 giant cockroaches
  5 goblins (D:1)
  5 hobgoblins
  5 jackals
  10 kobolds
  3 quokkas
  A ball python (D:2)
  4 bats
  4 frilled lizards
  A jackal skeleton (D:4)
  8 rats
  A bush (D:2)
82 creatures vanquished.

Vanquished Creatures (others)
  2 plants (D:2)
2 creatures vanquished.

Grand Total: 84 creatures vanquished

Notes
Turn   | Place    | Note
-------+----------+-------------------------------------------
     0 | D:1      | wakim the Troll Fighter began the quest for the Orb.
     0 | D:1      | Reached XP level 1. HP: 22/22 MP: 0/0
   156 | D:1      | Reached XP level 2. HP: 20/29 MP: 1/1
   745 | D:2      | Reached XP level 3. HP: 36/36 MP: 2/2
   853 | D:2      | Reached skill level 3 in Unarmed Combat
   886 | D:2      | Found a radiant altar of Vehumet.
   907 | D:2      | Found a hide-covered altar of Uskayaw.
   910 | D:2      | Noticed a +0 hand axe
   910 | D:2      | Noticed a +0 dagger
  1563 | D:3      | Found a blossoming altar of Fedhas.
  1575 | D:3      | Reached XP level 4. HP: 45/45 MP: 3/3
  1660 | D:3      | Found a glowing drain.
  1670 | Sewer    | Entered a sewer
  1736 | Sewer    | Noticed a big kobold
  1753 | Sewer    | Killed a big kobold
  1754 | Sewer    | Reached skill level 4 in Unarmed Combat
  1754 | Sewer    | Reached XP level 5. HP: 53/53 MP: 4/4
  1773 | Sewer    | Found a white marble altar of Elyvilon.
  2080 | D:3      | Found a stormy altar of Qazlal.
  2153 | D:3      | Found a shimmering blue altar of Sif Muna.
  2289 | D:4      | Reached XP level 6. HP: 46/61 MP: 5/5
  2342 | D:4      | Reached skill level 5 in Unarmed Combat
  2348 | D:4      | Slain by a worker ant

Illustrated notes

Levels and vault maps discovered:
D:1:      ebering_trefoil_3fold, layout_basic, hangedman_feature_mirror,
          minmay_misc_feat_tower
D:2:      layout_basic, dancing_weapons_uskayaw, lemuel_crystal_altar,
          serial_forest, infiniplex_forest_clump_tiny,
          infiniplex_forest_lined_corner, infiniplex_forest_clump_tiny,
          infiniplex_forest_clump_C, infiniplex_forest_lined_corner,
          infiniplex_forest_end_3, infiniplex_forest_straight_2
D:3:      layout_rooms, fedhas_altar_3, lemuel_round_altar,
          portal_sewer_entry_d, hangedman_glass_teeth, grunt_qazlal_sundering
D:4:      layout_basic

Skill      XL: |  1  2  3  4  5  6 |
---------------+-------------------+-----
Unarmed Combat | 3 4 5 |  5.0
Fighting       | 3 |  3.6
Shields        | 3 |  3.6
Dodging        | |  2.4

Action                   |  1- 3 |  4- 6 || total
-------------------------+-------+-------++-------
Melee: Unarmed           |   165 |   123 ||   288
  Use: Scroll            |     6 |       ||     6
       Potion            |       |     1 ||     1
 Stab: Sleeping          |     1 |       ||     1
Armor: Robe              |    32 |    31 ||    63
Dodge: Dodged            |    38 |    24 ||    62
Block: Kite shield       |    48 |    47 ||    95

Table legend: (Time is in decaauts)
 A = Elapsed time spent in this place.
 B = Non-inter-level travel time spent in this place.
 C = Inter-level travel time spent in this place.
 D = Time resting spent in this place.
 E = Time spent auto-exploring this place.
 F = Levels seen in this place.
 G = Mean time per level.
                   A        B        C        D        E       F      G
               +--------+--------+--------+--------+--------+-----+--------+
         Total |   2378 |   2318 |     60 |      0 |   1593 |   5 |  475.6 |
       Dungeon |   2209 |   2149 |     60 |      0 |   1487 |   4 |  552.2 |
         Sewer |    168 |    168 |      0 |      0 |    106 |   1 |  168.0 |
               +--------+--------+--------+--------+--------+-----+--------+

Top non-repeatable levels by time:
     D:2: 808 daAuts
     D:1: 699 daAuts
     D:3: 557 daAuts
   Sewer: 168 daAuts
     D:4: 143 daAuts
